 Dungeon Crawl Stone Soup version 0.26.1-2-gb8aa6d0cf2 (webtiles) character file.

Game seed: 11293223519443027050

2 sankara the Chiller (level 1, 0/14 HPs)
             Began as a Ghoul Ice Elementalist on Mar 25, 2021.
             Slain by a goblin
             ... wielding a +0 club
              (4 damage)
             ... on level 1 of the Dungeon.
             The game lasted 00:01:08 (53 turns).

sankara the Chiller (Ghoul Ice Elementalist)          Turns: 53, Time: 00:01:08

Health: 0/14       AC:  2    Str: 11    XL:     1   Next: 40%
Magic:  2/2        EV: 12    Int: 10    God:
Gold:   0          SH:  0    Dex:  9    Spells: 2/3 levels left

rFire    . . .     SeeInvis .   (no weapon)
rCold    + . .     Faith    .   (no shield)
rNeg     + + +     Spirit   .   a - +0 robe
rPois    ∞         Reflect  .   (no helmet)
rElec    .         Harm     .   (no cloak)
rCorr    .         Rampage  .   (no gloves)
Will     .....                  (no boots)
Stlth    ++........             (no amulet)
HPRegen  0.00/turn              (no ring)
MPRegen  0.08/turn              (no ring)

@: no status effects
A: claws 1, cold resistance 1, negative energy resistance 3, inhibited
regeneration, torment resistance, unbreathing
a: no special abilities


You were on level 1 of the Dungeon.
You visited 1 branch of the dungeon, and saw 1 of its levels.

Inventory:

Hand Weapons
 b - a +0 hunting sling
Missiles
 d - 14 stones
Armour
 a - a +0 robe (worn)
Potions
 c - a potion of flight {unknown}


   Skills:
 - Level 1.7 Dodging
 - Level 2.1 Stealth
 + Level 1.9 Spellcasting
 + Level 4.4 Ice Magic


You had 2 spell levels left.
You knew the following spells:

 Your Spells              Type           Power        Failure   Level
a - Freeze                Ice            36%          4%          1

Your spell library contained the following spells:

 Spells                   Type           Power        Failure   Level
 Frozen Ramparts          Ice            18%          16%         3
 Ozocubu's Armour         Ice            9%           16%         3
 Hailstorm                Conj/Ice       5%           77%         4
 Summon Ice Beast         Ice/Summ       5%           77%         4


Dungeon Overview and Level Annotations

Branches:
Dungeon (1/15)

Altars:


Innate Abilities, Weirdness & Mutations

You thrive by killing the living.
You are immune to poison.
You have sharp fingernails.
Your flesh is cold resistant. (rC+)
You are immune to negative energy. (rN+++)
You do not regenerate when monsters are visible.
You are immune to unholy pain and torment.
You can survive without breathing.


Message History

There is an open door here.
You scratch the hobgoblin.
The hobgoblin is almost dead.
The hobgoblin closely misses you.
You closely miss the hobgoblin.
The hobgoblin is almost dead.
You scratch the goblin.
The goblin is moderately wounded.
The hobgoblin closely misses you. The goblin closely misses you.
You closely miss the goblin.
The goblin is moderately wounded.
The hobgoblin barely misses you. The goblin closely misses you.
You scratch the hobgoblin.
You kill the hobgoblin!
The goblin hits you with a +0 club.
* * * LOW HITPOINT WARNING * * *
You barely miss the goblin.
The goblin is moderately wounded.
The goblin hits you with a +0 club.
You die...

........##........
.................
.............)..
#..#........... #########
#.#.....# #####X#D#^#D#
#.......#
#*#≈############)#........
#####.......#≈##g##....#...
......#####.###.@†###..#
...
..#####^#^#.....>.#^#....
..
###D#d#########...###..#..
. #^##### #^#D##+## ..#..
### #####


You could see a goblin.

Vanquished Creatures
  A goblin (D:1)
  A hobgoblin (D:1)
2 creatures vanquished.

Notes
Turn   | Place    | Note
-------+----------+-------------------------------------------
     0 | D:1      | sankara the Ghoul Ice Elementalist began the quest for the
                  | Orb.
     0 | D:1      | Reached XP level 1. HP: 14/14 MP: 2/2
     0 | D:1      | Noticed a tentacled monstrosity
     0 | D:1      | Noticed an orb of fire
     1 | D:1      | Noticed an orb of fire
     5 | D:1      | Noticed a tentacled monstrosity
     7 | D:1      | Noticed a large abomination
     9 | D:1      | Noticed an orb of fire
    11 | D:1      | Noticed an ice dragon
    13 | D:1      | Noticed a large abomination
    13 | D:1      | Noticed a green draconian
    15 | D:1      | Noticed an iron dragon
    19 | D:1      | Noticed a shadow dragon
    19 | D:1      | Noticed an iron dragon
    53 | D:1      | Slain by a goblin

Illustrated notes

Levels and vault maps discovered:
D:1:      shiori_arrival_whats_in_store_for_you, layout_rooms,
          kennysheep_nondescript, kennysheep_doodads

Action                   || total
-------------------------++-------
Melee: Unarmed           ||    13
Dodge: Dodged            ||     9
